 Dungeon Crawl Stone Soup version 0.24.0-123-gd5b16e6ec5 (webtiles) character file.

Game seed: 11737735037983244207, levelgen mode: deterministic

4293 Sery3m the Thaumaturge (level 10, -8/74 HPs)
             Began as a Gnoll Wizard on Jan 13, 2020.
             Was a Priest of Okawaru.
             Hit by a large rock thrown by a cyclops (33 damage)
             ... created by the fury of Okawaru
             ... on level 8 of the Dungeon.
             The game lasted 00:47:37 (10447 turns).

Sery3m the Thaumaturge (Gnoll Wizard)              Turns: 10447, Time: 00:47:37

Health: -8/74      AC:  9    Str: 11    XL:     10   Next: 32%
Magic:  22/22      EV: 13    Int: 23    God:    Okawaru [***...]
Gold:   339        SH:  0    Dex: 13    Spells: 14/26 levels left

rFire    . . .     SeeInvis .   b - +2 shortbow (velocity)
rCold    . . .     Gourm    .   (shield currently unavailable)
rNeg     . . .     Faith    .   F - +0 ring mail
rPois    .         Spirit   .   D - +0 hat
rElec    .         Reflect  .   x - +2 cloak
rCorr    +         Harm     .   (no gloves)
MR       .....                  (no boots)
Stlth    +++.......             (no amulet)
HPRegen  0.22/turn              m - ring of resist corrosion
MPRegen  0.18/turn              (no ring)

@: no status effects
A: distributed training, fangs 1, strong nose
a: Heroism, Renounce Religion


You were on level 8 of the Dungeon.
You worshipped Okawaru.
Okawaru was most pleased with you.
You were very hungry.

You visited 2 branches of the dungeon, and saw 9 of its levels.
You also visited: Ossuary.

You collected 384 gold pieces.
You spent 45 gold pieces at shops.

Inventory:

Hand Weapons
 a - a +2 whip of venom
 b - a +2 shortbow of velocity (weapon)
 q - a +3 flail of holy wrath
 t - a +0 hunting sling
Missiles
 c - 88 sling bullets
 s - a throwing net
 E - 167 arrows (quivered)
Armour
 x - a +2 cloak (worn)
 D - a +0 hat (worn)
 F - a +0 ring mail (worn)
 H - a +0 buckler
 I - a +0 shield
Jewellery
 m - a ring of resist corrosion (left hand)
Wands
 f - a wand of polymorph (12)
 i - a wand of acid (9)
 A - a wand of random effects (15)
Scrolls
 g - a scroll of immolation
 l - 5 scrolls of teleportation
 n - a scroll of remove curse
 p - 3 scrolls of enchant weapon
 r - a scroll of enchant armour
 w - 4 scrolls of identify
 y - 2 scrolls of magic mapping
 z - a scroll of fear {unknown}
 C - a scroll of acquirement {unknown}
 G - 2 scrolls of fog {unknown}
Potions
 e - a potion of lignification
 h - 4 potions of berserk rage
 j - 4 potions of mutation
 o - a potion of cancellation
 v - a potion of magic
 B - a potion of flight
Comestibles
 d - 8 rations


   Skills:
 + Level 5.1 Fighting
 + Level 5.1 Short Blades
 + Level 5.1 Long Blades
 + Level 5.1 Axes
 + Level 5.1 Maces & Flails
 + Level 5.1 Polearms
 + Level 5.1 Staves
 + Level 5.1 Slings
 + Level 5.1 Bows
 + Level 5.1 Crossbows
 + Level 5.1 Throwing
 + Level 5.1 Armour
 + Level 6.9 Dodging
 + Level 6.6 Stealth
 + Level 5.1 Shields
 + Level 5.1 Unarmed Combat
 + Level 8.9 Spellcasting
 + Level 4.7 Conjurations
 + Level 4.2 Hexes
 + Level 4.2 Charms
 + Level 4.7 Summonings
 + Level 4.2 Necromancy
 + Level 4.7 Translocations
 + Level 4.2 Transmutations
 + Level 4.2 Fire Magic
 + Level 4.2 Ice Magic
 + Level 4.2 Air Magic
 + Level 4.2 Earth Magic
 + Level 4.2 Poison Magic
 + Level 5.6 Invocations
 + Level 5.1 Evocations


You had 14 spell levels left.
You knew the following spells:

 Your Spells              Type           Power        Failure   Level  Hunger
a - Magic Dart            Conj           ####         1%          1    None
b - Call Imp              Summ           ####....     3%          2    None
c - Animate Skeleton      Necr           N/A          2%          1    None
e - Conjure Flame         Conj/Fire      ####....     7%          3    None
f - Mephitic Cloud        Conj/Pois/Air  ####....     7%          3    None
i - Blink                 Tloc           N/A          3%          2    None

Your spell library contained the following spells:

 Spells                   Type           Power        Failure   Level  Hunger
 Apportation              Tloc           ####..       1%          1    None
 Summon Small Mammal      Summ           ####         1%          1    None
 Confusing Touch          Hex            ####..       2%          1    None
 Slow                     Hex            ####....     3%          2    None


Dungeon Overview and Level Annotations

Branches:
Dungeon (8/15)             Temple (1/1) D:5            Lair (0/6) D:8
Ossuary (visited)

Altars:
Ashenzari
Cheibriados
Dithmenos
Elyvilon
Fedhas
Gozag
Hepliaklqana
Kikubaaqudgha
Makhleb
Nemelex Xobeh
Okawaru
Qazlal
Ru
Sif Muna
Trog
Uskayaw
Vehumet
Wu Jian
Xom
Yredelemnul
Zin
The Shining One

Shops:
D:4 ?   D:5 (


Innate Abilities, Weirdness & Mutations

Your experience applies equally to all skills.
You have very sharp teeth.
Your uncanny sense of smell can sniff out nearby items.


Message History

A three-headed hydra comes into view.
The three-headed hydra roars!
The dream sheep bleats!
You hear a shout!
The three-headed hydra moves out of view.
You hear a shout! x2
An ogre comes into view. It is wielding a +0 giant spiked club.
Things that are here:
a +1 falchion of flaming; a big kobold skeleton Firing (i - inventory. (/) - cycle)
E - 168 arrows (quivered)
Press: ? - help, Shift-Dir - straight line, f - dream sheep
Aim: a dream sheep You shoot an arrow.
The arrow barely misses the dream sheep.
You hear a splash.
The cyclops throws a large rock.
The large rock hits you!!
The large rock disappears in a puff of smoke!
The dream sheep ruffles its wool and motes of dream dust sparkle, to no effect.
The cyclops throws a large rock.
The large rock hits you!!
The large rock disappears in a puff of smoke!
The cyclops throws a large rock.
The large rock hits you!!
You die...

,,*,,,,*,,,,,,,,,,,,,.#**###****,
,,*,,,,*,,,,,,,,,,,,,.#≈≈≈(.+,,*,
,,*,,,,*,,,,,,,,,,,,,.#≈≈≈≈≈*,,*,
,,*,,,,*,,,,,,,,,,,,,.#≈.P≈≈**+*,
,*******,,,,,,,,,,,,,.#O...,*,,*,
**,,,,,,,,,,#########.CY.%.,+,,#.
*,,,,,,,,,,#......(..#,∆,,,+,,#.
*,,,,,,,,,,#.....).).#≈,,,∆+,∆#.
*,,,,.,,,,,#...@.....#,,,,,*,∆#.
*,,,,..,,,,#...################.
**+**##'#####'#####...##...#....
*,,,,..........#...........#....
*,,,,..........#......##...#<[.[
*,,,,..........#......##...#....
***,,,##...##...##.....##...#....
,**,,,*#...*#...##.....##...#....
,,,,,,....,,#....#......#...#....


You could see a cyclops, an ogre and a dream sheep.

Vanquished Creatures
  A two-headed ogre (D:8)
  Joseph (D:8)
  Prince Ribbit (D:5)
  A dream sheep (D:8)
  A hippogriff (D:7)
  A hornet (D:7)
  2 yaks (D:8)
  Edmund (D:5)
  A water moccasin (D:8)
  2 orc warriors
  A sky beast (D:8)
  A phantom (D:7)
  5 ogres
  3 centaurs
  Blork the orc (D:5)
  A big kobold (D:8)
  3 bullfrogs
  4 wights (D:8)
  2 crimson imps
  6 orc wizards
  2 orc priests
  A bullfrog skeleton (D:8)
  A centaur skeleton (D:6)
  A hound (D:6)
  An iguana (D:6)
  4 worker ants
  2 big kobold zombies (Ossuary)
  3 hound skeletons
  A mummy (D:8)
  5 gnolls
  6 adders
  4 shadow imps
  2 adder zombies (Ossuary)
  4 worms
  2 dart slugs
  3 leopard geckos
  24 orcs
  2 ball pythons
  8 giant cockroaches
  5 hobgoblins
  6 jackals
  8 quokkas
  4 bats
  4 frilled lizards
  7 goblins
  2 hobgoblin zombies
  4 kobolds
  2 kobold zombies (Ossuary)
  A leopard gecko skeleton (D:4)
  A leopard gecko zombie (D:5)
  4 rats
163 creatures vanquished.

Vanquished Creatures (collateral kills)
  An ogre (D:4)
  A big kobold (D:8)
  An electric eel (D:7)
  A howler monkey (D:5)
  2 worker ants
  A gnoll (D:3)
  2 kobolds (D:1)
9 creatures vanquished.

Vanquished Creatures (others)
  2 plants (D:8)
2 creatures vanquished.

Grand Total: 174 creatures vanquished

Notes
Turn   | Place    | Note
-------+----------+-------------------------------------------
     0 | D:1      | Sery3m the Gnoll Wizard began the quest for the Orb.
     0 | D:1      | Reached XP level 1. HP: 13/13 MP: 8/8
   309 | D:1      | Reached XP level 2. HP: 16/19 MP: 6/10
   315 | D:1      | Learned a level 2 spell: Call Imp
   318 | D:1      | Learned a level 2 spell: Blink
  1341 | D:2      | Reached XP level 3. HP: 25/25 MP: 8/11
  1701 | D:2      | Reached skill level 1 in Invocations
  1706 | D:2      | Learned a level 3 spell: Conjure Flame
  1710 | D:2      | Learned a level 3 spell: Mephitic Cloud
  1883 | D:3      | Reached skill level 1 in Fighting
  1883 | D:3      | Reached skill level 1 in Short Blades
  1883 | D:3      | Reached skill level 1 in Long Blades
  1883 | D:3      | Reached skill level 1 in Axes
  1883 | D:3      | Reached skill level 1 in Maces & Flails
  1883 | D:3      | Reached skill level 1 in Polearms
  1883 | D:3      | Reached skill level 1 in Staves
  1883 | D:3      | Reached skill level 1 in Slings
  1883 | D:3      | Reached skill level 1 in Bows
  1883 | D:3      | Reached skill level 1 in Crossbows
  1883 | D:3      | Reached skill level 1 in Throwing
  1883 | D:3      | Reached skill level 1 in Armour
  1883 | D:3      | Reached skill level 1 in Shields
  1883 | D:3      | Reached skill level 1 in Unarmed Combat
  1883 | D:3      | Reached skill level 1 in Evocations
  1883 | D:3      | Reached XP level 4. HP: 21/32 MP: 0/13
  2050 | D:2      | Reached skill level 1 in Hexes
  2050 | D:2      | Reached skill level 1 in Charms
  2050 | D:2      | Reached skill level 1 in Necromancy
  2050 | D:2      | Reached skill level 1 in Transmutations
  2050 | D:2      | Reached skill level 1 in Fire Magic
  2050 | D:2      | Reached skill level 1 in Ice Magic
  2050 | D:2      | Reached skill level 1 in Air Magic
  2050 | D:2      | Reached skill level 1 in Earth Magic
  2050 | D:2      | Reached skill level 1 in Poison Magic
  2583 | D:3      | Reached XP level 5. HP: 37/37 MP: 9/14
  2974 | D:4      | Noticed an ogre
  3080 | D:4      | Learned a level 1 spell: Animate Skeleton
  3173 | D:4      | Found Amuer's Magic Scroll Boutique.
  3181 | D:4      | Bought a scroll of magic mapping for 45 gold pieces
  3245 | D:4      | Killed an ogre
  3245 | D:4      | Reached XP level 6. HP: 44/44 MP: 0/16
  3544 | D:4      | Reached skill level 5 in Dodging
  3824 | D:5      | Entered Level 5 of the Dungeon
  3892 | D:5      | Noticed Edmund
  4325 | D:5      | Killed Edmund
  4325 | D:5      | Reached XP level 7. HP: 50/50 MP: 2/18
  4556 | D:5      | Found Abomaul's Weapon Shop.
  4668 | D:5      | Noticed Prince Ribbit
  4684 | D:5      | Killed Prince Ribbit
  4697 | D:5      | Found a staircase to the Ecumenical Temple.
  4708 | Temple   | Entered the Ecumenical Temple
  4848 | Temple   | Became a worshipper of Warmaster Okawaru
  4924 | D:5      | Noticed Blork the orc
  4933 | D:5      | Killed Blork the orc
  4933 | D:5      | Reached skill level 5 in Stealth
  5364 | D:6      | Reached XP level 8. HP: 35/57 MP: 14/19
  5774 | D:6      | Reached * piety under Okawaru
  6654 | D:6      | Reached skill level 8 in Spellcasting
  7625 | D:7      | Noticed a hippogriff
  7662 | D:7      | Killed a hippogriff
  7662 | D:7      | Reached ** piety under Okawaru
  7662 | D:7      | Reached XP level 9. HP: 65/65 MP: 10/21
  8210 | D:7      | Found a blossoming altar of Fedhas.
  8430 | D:8      | Noticed Joseph
  8449 | D:8      | Found a sand-covered staircase.
  8470 | D:8      | Was placed under penance by Okawaru
  8474 | D:8      | Killed Joseph
  8651 | Ossuary  | Entered an ossuary
  8711 | Ossuary  | Noticed an orc knight
  8711 | Ossuary  | Noticed a troll
  8711 | Ossuary  | Noticed a merfolk javelineer
  8711 | Ossuary  | Noticed a merfolk
  8711 | Ossuary  | Noticed a merfolk
  8733 | D:8      | Noticed a cyclops
  8733 | D:8      | Noticed a naga warrior
  8733 | D:8      | Noticed a salamander mystic
  9056 | D:8      | Found a staircase to the Lair.
  9087 | D:8      | Noticed a hornet
  9092 | D:8      | HP: 1/65 [hornet (7)]
  9105 | D:7      | Killed a hornet
  9105 | D:7      | Was forgiven by Okawaru
  9820 | D:8      | Noticed a two-headed ogre
  9874 | D:8      | Killed a two-headed ogre
  9874 | D:8      | Reached *** piety under Okawaru
  9874 | D:8      | Reached skill level 5 in Invocations
  9874 | D:8      | Reached XP level 10. HP: 45/73 MP: 5/22
 10238 | D:8      | Reached skill level 5 in Fighting
 10238 | D:8      | Reached skill level 5 in Short Blades
 10238 | D:8      | Reached skill level 5 in Long Blades
 10238 | D:8      | Reached skill level 5 in Axes
 10238 | D:8      | Reached skill level 5 in Maces & Flails
 10238 | D:8      | Reached skill level 5 in Polearms
 10238 | D:8      | Reached skill level 5 in Staves
 10238 | D:8      | Reached skill level 5 in Slings
 10238 | D:8      | Reached skill level 5 in Bows
 10238 | D:8      | Reached skill level 5 in Crossbows
 10238 | D:8      | Reached skill level 5 in Throwing
 10238 | D:8      | Reached skill level 5 in Armour
 10238 | D:8      | Reached skill level 5 in Shields
 10238 | D:8      | Reached skill level 5 in Unarmed Combat
 10238 | D:8      | Reached skill level 5 in Evocations
 10441 | D:8      | Noticed a three-headed hydra
 10447 | D:8      | Hit by a large rock thrown by a cyclops

Levels and vault maps discovered:
D:1:      roderic_crop_circles_arrival_small, layout_basic
D:2:      layout_loops_ring
D:3:      layout_rooms, supply_closet_lemuel
D:4:      layout_rooms, first_ration, serial_shops, nicolae_shop_stone
D:5:      layout_basic, temple_hall, serial_shops, shop, grunt_ministairs_1,
          uniq_blork_the_orc, uniq_prince_ribbit1, uniq_edmund
D:6:      layout_basic
D:7:      layout_rooms, lemuel_coloured_pillars_altar,
          hangedman_abyss_or_decor_stabs, kennysheep_generic_room_4
D:8:      layout_gridville, lair_entry_dummy, nicolae_ossuary_entry_giza,
          hangedman_ranch [blue_anna_fruit_fields], uniq_joseph
Temple:   kilobyte_greek_temple

Skill      XL: |  1  2  3  4  5  6  7  8  9 10 |
---------------+-------------------------------+-----
Conjurations   | 2 3 4 |  4.7
Summonings     | 2 3 4 |  4.7
Translocations | 2 3 4 |  4.7
Invocations    | 1 2 3 4 5 |  5.6
Fighting       | 1 2 3 4 5 |  5.1
Short Blades   | 1 2 3 4 5 |  5.1
Long Blades    | 1 2 3 4 5 |  5.1
Axes           | 1 2 3 4 5 |  5.1
Maces & Flails | 1 2 3 4 5 |  5.1
Polearms       | 1 2 3 4 5 |  5.1
Staves         | 1 2 3 4 5 |  5.1
Slings         | 1 2 3 4 5 |  5.1
Bows           | 1 2 3 4 5 |  5.1
Crossbows      | 1 2 3 4 5 |  5.1
Throwing       | 1 2 3 4 5 |  5.1
Armour         | 1 2 3 4 5 |  5.1
Shields        | 1 2 3 4 5 |  5.1
Unarmed Combat | 1 2 3 4 5 |  5.1
Evocations     | 1 2 3 4 5 |  5.1
Hexes          | 1 2 3 4 |  4.2
Charms         | 1 2 3 4 |  4.2
Necromancy     | 1 2 3 4 |  4.2
Transmutations | 1 2 3 4 |  4.2
Fire Magic     | 1 2 3 4 |  4.2
Ice Magic      | 1 2 3 4 |  4.2
Air Magic      | 1 2 3 4 |  4.2
Earth Magic    | 1 2 3 4 |  4.2
Poison Magic   | 1 2 3 4 |  4.2
Dodging        | 5 6 |  6.9
Stealth        | 5 6 |  6.6
Spellcasting   | 8 |  8.9

Action                   |  1- 3 |  4- 6 |  7- 9 | 10-12 || total
-------------------------+-------+-------+-------+-------++-------
Melee: Unarmed           |     6 |       |       |       ||     6
       Whip              |     9 |    37 |    82 |    15 ||   143
       Bite              |     1 |     3 |    26 |     1 ||    31
       Flail             |       |       |    78 |       ||    78
 Fire: Shortbow          |       |       |     8 |    14 ||    22
Throw: Throwing net      |       |     2 |       |       ||     2
 Cast: Magic Dart        |    92 |   122 |   176 |    17 ||   407
       Call Imp          |     3 |     8 |    10 |     3 ||    24
       Blink             |       |     1 |    12 |       ||    13
       Mephitic Cloud    |       |     8 |    31 |     4 ||    43
       Conjure Flame     |       |     6 |    16 |     3 ||    25
       Animate Skeleton  |       |     1 |     1 |       ||     2
  Use: Scroll            |       |    14 |     2 |       ||    16
       Potion            |       |       |     2 |       ||     2
 Stab: Confused          |       |       |    13 |       ||    13
       Distracted        |       |       |     1 |       ||     1
  Eat: Chunk             |     2 |     6 |    12 |     1 ||    21
       Ration            |       |     1 |     1 |       ||     2
Armor: Robe              |     5 |     6 |     5 |       ||    16
       Ring mail         |       |       |    51 |     4 ||    55
Dodge: Dodged            |    22 |    67 |   116 |    10 ||   215
Block: Buckler           |       |       |    28 |       ||    28
